 Dungeon Crawl Stone Soup version 0.32-a0-361-g289a535e89 (webtiles) character file.

Game seed: 1537629946942738441

1486 Melum the Changeling (level 8, -3/80 HPs)
             Began as an Oni Shapeshifter on Feb 19, 2024.
             Was a Follower of Beogh.
             Slain by a gnoll
             ... wielding a +0 spear
             ... led by a gnoll bouda
              (4 damage)
             ... on level 7 of the Dungeon.
             The game lasted 00:20:43 (5085 turns).

Melum the Changeling (Oni Shapeshifter)             Turns: 5085, Time: 00:20:45

Health: -3/80      AC:  4    Str: 21    XL:     8   Next: 80%
Magic:  12/12      EV: 13    Int: 11    God:    Beogh [*.....]
Gold:   291        SH:  0    Dex:  8    Spells: 1/7 levels left

rFire   + .          .
                       - Unarmed
rCold   . . .        (shield currently unavailable)
rNeg    . . .        m - melded +2 robe {Will+}
rPois   .            (helmet restricted)
rElec   .            C - +2 cloak
rCorr   .            (gloves unavailable)
SInv    .            (boots unavailable)
Will    .....        (no amulet)
Stlth   +            a - ring of protection from fire
HPRegen 0.33/turn    (no ring)
MPRegen 0.13/turn

%: no passive effects
@: flux-form, glowing
A: glow, contaminating, large, unfitting armour, horns 1, tough skin 1, double
potion healing, drunken brawling
a: Begin Untransformation, Renounce Religion


You were on level 7 of the Dungeon.
You worshipped Beogh.
Beogh was aware of your devotion.
You were something dangerously unstable.
You visited 1 branch of the dungeon, and saw 7 of its levels.

You collected 313 gold pieces.
You spent 22 gold pieces at shops.

Inventory:

Missiles
 k - 14 poisoned darts (quivered)
 y - 2 throwing nets
Armour
 l - a +0 cloak
 m - a +2 robe of willpower (melded)
 x - a +0 pair of gloves
 C - a +2 cloak (worn)
Jewellery
 a - a ring of protection from fire (left hand)
 p - an amulet of magic regeneration
Talismans
 c - a beast talisman
 d - a flux talisman (active)
Wands
 n - a wand of roots (7)
 w - a wand of paralysis (11)
Scrolls
 e - a scroll of summoning {unknown}
 f - 3 scrolls of identify
 g - 2 scrolls of fear {unknown}
 i - 4 scrolls of teleportation {unknown}
 j - 3 scrolls of blinking {unknown}
 o - a scroll of brand weapon {unknown}
 s - a scroll of vulnerability {unknown}
 u - 2 scrolls of amnesia {unknown}
 B - a scroll of enchant weapon {unknown}
Potions
 b - 2 potions of lignification
 h - 4 potions of attraction
 q - 2 potions of haste {unknown}
 r - 3 potions of brilliance
 t - a potion of resistance
 v - a potion of degeneration {unknown}
 z - a potion of heal wounds {unknown}
 A - 3 potions of enlightenment {unknown}


   Skills:
 - Level 5.0 Fighting
 - Level 1.7 Dodging
 - Level 5.0 Unarmed Combat
 + Level 6.4 Invocations
 - Level 7.0 Shapeshifting


You had one spell level left.
You knew the following spells:

 Your Spells              Type           Power      Damage    Failure   Level
a - Blink                 Tloc           0%         N/A       47%         2
b - Manifold Assault      Tloc           0%         N/A       98%         4

Your spell library contained the following spells:

 Spells                   Type           Power      Damage    Failure   Level
 Kiss of Death            Conj/Necr      0%         2d5       34%         1
 Magic Dart               Conj           0%         1d3       34%         1
 Summon Small Mammal      Summ           0%         N/A       34%         1
 Call Imp                 Summ           0%         N/A       47%         2
 Call Canine Familiar     Summ           0%         N/A       71%         3
 Confusing Touch          Hex            0%         N/A       71%         3
 Dazzling Flash           Conj/Hex       0%         N/A       71%         3
 Fugue of the Fallen      Necr           0%         N/A       71%         3
 Ozocubu's Armour         Ice            0%         N/A       71%         3
 Volatile Blastmotes      Fire/Tloc      0%         2d10      71%         3
 Dispel Undead            Necr           0%         3d6       98%         4
 Summon Blazeheart Golem  Fire/Summ      0%         N/A       98%         4
 Starburst                Conj/Fire      0%         6d3       100%        6
 Maxwell's Capacitive Co  Air            0%         ∞         100%        8


Dungeon Overview and Level Annotations

Branches:
Dungeon (7/15)             Temple (0/1) D:6

Altars:
Kikubaaqudgha
Nemelex Xobeh

Shops:
D:1 **   D:4 =

Annotations:
D:3 3 runed translucent doors, innerfire43's ghost, amateur DsWn
D:6 2 transporters, Azoth's ghost, novice KoHu


Innate Abilities, Weirdness & Mutations

You are something dangerously unstable.
You glow with magical radiation, making you easy to see and hit.
Foes you strike become dangerously contaminated with magical radiation.
You are incapable of wielding weapons or throwing items.
You are too large for most types of armour.
You have a pair of small horns on your head.
You have tough skin. (AC +1)
You gain doubled healing and magic from potions.
Whenever you drink a healing potion, you attack all around you.


Message History

Something hits you but does no damage.
You hit something.
The orc wizard begins to glow.
The orc wizard is moderately wounded.
The gnoll barely misses you. The gnoll hits you with a +0 club.
* * * LOW HITPOINT WARNING * * *
As you open the door, it creaks loudly! The orc wizard misses you.
An orc priest comes into view. It is wielding a +1 dagger of flaming.
The gnoll barely misses you.
There is an open door here.
Unknown command.
You hit the orc wizard.
The orc wizard glows dangerously bright.
The orc wizard is severely wounded.
The orc wizard hits you but does no damage.
The gnoll hits you from afar with a +0 spear.
* * * LOW HITPOINT WARNING * * *
Okay, then.
As you read the scroll of identify, it crumbles to dust.
h - 4 potions of attraction The orc wizard hits you with a +0 dagger.
* * * LOW HITPOINT WARNING * * *
The gnoll barely misses you.
As you read the scroll of identify, it crumbles to dust.
r - 3 potions of brilliance The centaur unwields a +0 orcbow.
The centaur wields a +0 quarterstaff.
The centaur hits you with a +0 quarterstaff.
* * * LOW HITPOINT WARNING * * *
The centaur barely misses you. The orc wizard closely misses you.
The gnoll barely misses you. The centaur barely misses you.
The centaur kicks you.
* * * LOW HITPOINT WARNING * * *
As you read the scroll of identify, it crumbles to dust.
t - a potion of resistance The orc wizard hits you but does no damage.
The centaur hits you with a +0 quarterstaff!
* * * LOW HITPOINT WARNING * * *
The centaur kicks you but does no damage.
The gnoll hits you from afar with a +0 spear.
You die...

#.......# ##.......##
#.......# #.......... #
#.......####..........
........................
... #................###
....#..(/)..............
........g...............
.......###..............
......opog..............
......c##...####.......#
............# #.......#
.............. ........#
.##.....................
#..................[))
............#####....)
.............# #.....
#.....


You could see a centaur, an orc priest, an orc wizard (invisible, contam) and a
gnoll.

Vanquished Creatures
  An ice beast (D:6)
  A black bear (D:5)
  A centaur (D:5)
  A kobold brigand (D:4)
  2 bullfrogs (D:6)
  2 scorpions (D:5)
  2 vampire bats (D:4)
  A bombardier beetle (D:4)
  2 orc priests (D:6)
  2 gnoll boudas
  3 hounds
  2 sleepcaps
  Jessica (D:2)
  Ijyb (D:2)
  2 orc wizards
  12 gnolls
  6 adders
  A shadow imp (D:6)
  A white imp (D:6)
  2 ufetubi (D:5)
  A ribbon worm (D:3)
  2 dart slugs (D:5)
  20 orcs
  9 bats
  5 bat skeletons (D:4)
  A bat zombie (D:4)
  8 endoplasms
  2 giant cockroaches (D:3)
  10 goblins
  7 hobgoblins
  3 jackals (D:2)
  A quokka (D:1)
  8 ball pythons
  7 frilled lizards
  8 kobolds
  7 rats
145 creatures vanquished.

Vanquished Creatures (others)
  2 orcs (D:6)
2 creatures vanquished.

Grand Total: 147 creatures vanquished

Notes
Turn   | Place    | Note
-------+----------+-------------------------------------------
     0 | D:1      | Melum the Oni Shapeshifter began the quest for the Orb.
     0 | D:1      | Reached XP level 1. HP: 19/19 MP: 1/1
    43 | D:1      | Reached XP level 2. HP: 25/27 MP: 2/2
   106 | D:1      | Found Ruafovoz's General Store.
   205 | D:1      | Found a faded altar of an unknown god.
   248 | D:1      | Reached XP level 3. HP: 33/33 MP: 3/3
   480 | D:1      | Found Ikadob's Assorted Antiques.
   502 | D:1      | Bought a scroll of identify for 22 gold pieces
   718 | D:2      | Reached XP level 4. HP: 41/41 MP: 4/4
   746 | D:2      | Noticed Jessica
   793 | D:2      | Killed Jessica
  1109 | D:2      | Reached skill level 5 in Unarmed Combat
  1113 | D:2      | Reached XP level 5. HP: 35/49 MP: 5/5
  1239 | D:2      | Noticed Ijyb
  1254 | D:2      | Killed Ijyb
  1678 | D:3      | Found a runed translucent gate.
  1678 | D:3      | Noticed a kobold brigand
  1680 | D:3      | Found a runed translucent gate.
  1680 | D:3      | Found a runed translucent gate.
  1681 | D:3      | Noticed innerfire43's ghost (amateur DsWn)
  1842 | D:3      | Reached XP level 6. HP: 53/63 MP: 6/6
  2178 | D:4      | Reached skill level 5 in Fighting
  2221 | D:4      | Learned a level 2 spell: Blink
  2564 | D:4      | Reached skill level 4 in Shapeshifting
  2667 | D:4      | Found Uginyne's Jewellery Boutique.
  2785 | D:4      | Became a worshipper of Beogh the Shepherd
  2869 | D:4      | Reached XP level 7. HP: 49/72 MP: 7/7
  3014 | D:4      | Found a sparkling altar of Nemelex Xobeh.
  3073 | D:4      | Found an ancient bone altar of Kikubaaqudgha.
  3079 | D:4      | Reached skill level 5 in Shapeshifting
  3297 | D:5      | Entered Level 5 of the Dungeon
  3489 | D:5      | Reached skill level 6 in Shapeshifting
  3910 | D:5      | Reached XP level 8. HP: 78/80 MP: 8/8
  4003 | D:6      | Reached * piety under Beogh
  4097 | D:6      | Reached skill level 7 in Shapeshifting
  4124 | D:6      | Found a transporter.
  4128 | D:6      | Noticed Azoth's ghost (novice KoHu)
  4137 | D:6      | Reached skill level 1 in Invocations
  4169 | D:6      | Found a transporter.
  4538 | D:6      | Reached skill level 5 in Invocations
  4624 | D:6      | Learned a level 4 spell: Manifold Assault
  4792 | D:6      | Found a staircase to the Ecumenical Temple.
  5085 | D:7      | HP: 1/80 [centaur/+0 quarterstaff (8)]
  5085 | D:7      | Slain by a gnoll

Illustrated notes

Levels and vault maps discovered:
D:1:      psy_arrival_basics, layout_rooms, serial_shops, shop_fountains, shop,
          ebering_ecumenical_altar_webs, st_stairs_5, kennysheep_crisscross
D:2:      kennysheep_the_goblin_king, layout_loops_ring, uniq_jessica
D:3:      layout_loops_ring, gammafunk_ghost_nasty_kobolds
D:4:      layout_rooms, mainiacjoe_overflow_cross_hatched,
          kennysheep_vampire_church, minmay_shop_enchanted_jewellery,
          lexackson_kobold_supper
D:5:      layout_cave_pools, minmay_misc_feat_nine_boxes, hangedman_decor_push,
          kennysheep_cluttered_room
D:6:      layout_basic, minmay_temple_entry_nine_rooms, gammafunk_ghost_arena,
          minmay_door_square
D:7:      cheibrodos_barr_body, layout_basic, trog_wizard,
          amcnicky_altar_gilded, nicolae_figureground_sparkle

Skill      XL: |  1  2  3  4  5  6  7  8 |
---------------+-------------------------+-----
Unarmed Combat | 3 4 5 |  5.0
Fighting       | 2 4 5 |  5.0
Shapeshifting  | 4 6 7 |  7.0
Invocations    | 6 |  6.4
Dodging        | |  1.7

Action                     |  1- 3 |  4- 6 |  7- 9 || total
---------------------------+-------+-------+-------++-------
  Melee: Unarmed           |    75 |   179 |   229 ||   483
         Headbutt          |    11 |    23 |    57 ||    91
         Punch             |     2 |     1 |     7 ||    10
 Invoke: Convert to Beogh  |       |     1 |       ||     1
Ability: Begin Untransform |       |       |     1 ||     1
    Use: Scroll            |       |       |     3 ||     3
   Stab: Sleeping          |     1 |       |       ||     1
 Armour: Animal skin       |    51 |     7 |       ||    58
         Robe              |       |   126 |    80 ||   206
         Skin              |       |       |    61 ||    61
  Dodge: Dodged            |    49 |    73 |   133 ||   255
   Form: Flux              |       |       |     1 ||     1

Table legend: (Time is in decaauts)
 A = Elapsed time spent in this place.
 B = Non-inter-level travel time spent in this place.
 C = Inter-level travel time spent in this place.
 D = Time resting spent in this place.
 E = Time spent auto-exploring this place.
 F = Levels seen in this place.
 G = Mean time per level.
                   A        B        C        D        E       F      G
               +--------+--------+--------+--------+--------+-----+--------+
         Total |   5041 |   4923 |    118 |      0 |   3923 |   7 |  720.1 |
       Dungeon |   5041 |   4923 |    118 |      0 |   3923 |   7 |  720.1 |
               +--------+--------+--------+--------+--------+-----+--------+

Top non-repeatable levels by time:
     D:4: 1110 daAuts
     D:2: 989 daAuts
     D:6: 852 daAuts
     D:5: 685 daAuts
     D:3: 659 daAuts
     D:1: 508 daAuts
     D:7: 235 daAuts
